 Dungeon Crawl Stone Soup version 0.29.1-1-gd02db6906a (webtiles) character file.

Game seed: 18238209484627194229

5888 LustLizard the Covert (level 10, -1/51 HPs)
             Began as a Spriggan Hunter on Oct 8, 2022.
             Was a Believer of Dithmenos.
             Killed from afar by an acid dragon (22 damage)
             ... with a splash of acid
             ... on level 9 of the Dungeon.
             The game lasted 00:16:12 (9454 turns).

LustLizard the Covert (Spriggan Hunter)             Turns: 9454, Time: 00:16:13

Health: -1/51      AC:  3    Str:  7    XL:     10   Next: 52%
Magic:  13/13      EV: 22    Int: 11    God:    Dithmenos [**....]
Gold:   472        SH:  0    Dex: 23    Spells: 9/9 levels left

rFire   . . .      SeeInvis +   r - +2 shortbow (flame)
rCold   . . .      Faith    .   (shield currently unavailable)
rNeg    . . .      Spirit   .   B - +2 robe {Will+}
rPois   .          Reflect  .   (helmet restricted)
rElec   .          Harm     .   s - +2 cloak {Will+}
rCorr   .          Rampage  .   (gloves unavailable)
Will    +++..                   (boots unavailable)
Stlth   ++++++++..              (no amulet)
HPRegen 0.17/turn               (no ring)
MPRegen 0.13/turn               (no ring)

@: corroded, wreathed by umbra, very quick
A: very small, no large weapons, unfitting armour, see invisible, speed 3
a: Renounce Religion, Shadow Step


You were on level 9 of the Dungeon.
You worshipped Dithmenos.
Dithmenos was pleased with you.
You visited 1 branch of the dungeon, and saw 9 of its levels.

You collected 472 gold pieces.

Inventory:

Hand Weapons
 a - a +0 shortbow
 r - a +2 shortbow of flaming (weapon)
Missiles
 j - 28 poisoned darts
Armour
 c - a +0 robe
 s - a +2 cloak of willpower (worn)
 B - a +2 robe of willpower (worn)
Jewellery
 l - an amulet of faith
 x - a ring of ice
 A - a ring of fire
Wands
 i - a wand of flame (32)
 q - a wand of quicksilver (4)
 y - a wand of digging (2)
Scrolls
 b - 4 scrolls of immolation
 e - 6 scrolls of teleportation
 f - 2 scrolls of butterflies
 h - a scroll of magic mapping {unknown}
 m - a scroll of enchant weapon {unknown}
 n - a scroll of amnesia {unknown}
 p - a scroll of brand weapon
 t - a scroll of silence {unknown}
 u - a scroll of summoning {unknown}
 z - a scroll of poison
Potions
 d - 4 potions of curing
 g - 3 potions of heal wounds
 k - 3 potions of mutation
 o - 2 potions of ambrosia
 v - 2 potions of flight
 w - a potion of magic
 D - a potion of degeneration


   Skills:
 + Level 5.4 Fighting
 * Level 9.9 Ranged Weapons
 - Level 6.0 Dodging
 * Level 13.7 Stealth
 + Level 3.3 Invocations
 - Level 6.0 Evocations


You had 9 spell levels left.
You didn't know any spells.
Your spell library contained the following spells:

 Spells                   Type           Power      Damage    Failure   Level
 Necrotise                Necr           0%         1d4       34%         1
 Vampiric Draining        Necr           0%         2d6       71%         3
 Animate Armour           Summ/Erth      0%         N/A       98%         4
 Animate Dead             Necr           0%         N/A       98%         4
 Agony                    Necr           0%         N/A       100%        5
 Blade Hands              Tmut           0%         N/A       100%        5
 Conjure Ball Lightning   Conj/Air       0%         3x3d6     100%        6
 Iron Shot                Conj/Erth      0%         9d1       100%        6
 Haunt                    Necr/Summ      0%         N/A       100%        7
 Discord                  Hex            0%         N/A       100%        8
 Disjunction              Tloc           0%         N/A       100%        8
 Infestation              Necr           0%         N/A       100%        8


Dungeon Overview and Level Annotations

Branches:
Dungeon (9/15)             Temple (0/1) D:7            Lair (0/5) D:8
    Orc: D:9-12

Altars:
Cheibriados
Dithmenos
Kikubaaqudgha
Makhleb
Nemelex Xobeh
Okawaru
Qazlal
Uskayaw
Yredelemnul
Zin

Shops:
D:2 ([


Innate Abilities, Weirdness & Mutations

You are very small and have problems with some larger weapons.
You are too small for most types of armour.
You have supernaturally acute eyesight. (SInv)
You cover ground extremely quickly. (Speed+++)


Message History

a +0 dagger; a +0 club You see here a +0 dagger.
You shoot an arrow.
The arrow closely misses the acid dragon.
The acid dragon roars!
You shoot an arrow.
The arrow hits the acid dragon but does no damage.
You shoot an arrow.
The arrow closely misses the acid dragon.
You shoot an arrow.
The arrow barely misses the acid dragon.
You shoot an arrow. The arrow hits the acid dragon!
The arrow burns the acid dragon.
The acid dragon is heavily wounded.
You shoot an arrow. The arrow hits the acid dragon.
The arrow burns the acid dragon.
The acid dragon is severely wounded.
You shoot an arrow.
The arrow barely misses the acid dragon.
The acid dragon spits acid at you. The splash of acid hits you!!
The acid corrodes you!
You shoot an arrow.
The arrow closely misses the acid dragon.
The acid dragon bites you. The acid dragon closely misses you.
Fire: r) +2 shortbow (flame)
Press: ? - help, Q - select action, (/) - cycle Shift-Dir - straight line, f/p - acid dragon
Aim: an acid dragon (severely wounded, umbra, 71% to hit)
You shoot an arrow.
The arrow hits the acid dragon but does no damage.
The acid dragon is severely wounded.
The acid dragon closely misses you. The acid dragon misses you.
Fire: r) +2 shortbow (flame)
Press: ? - help, Q - select action, (/) - cycle Shift-Dir - straight line, f/p - acid dragon
Aim: an acid dragon (severely wounded, umbra, 71% to hit)
You shoot an arrow.
The arrow hits the acid dragon but does no damage.
The acid dragon is severely wounded.
The acid dragon spits acid at you. The splash of acid hits you!!
You die...

##.#..# #####...#..##..###....#
#.#.J###.......#..##..######.#
#.#............#..#........#.###
......#........#..#.######.#....
...#.#.##.......#...).....#.#####
.....#.##.......#.#.#####.#.#....
.###.#.##.......#...# #.#.#.#.. .
#.#.##.......#).######........ ..
.##......D@.###....##..##.#
#.......)(# #....##......
..........# #....###.##.#
.#####....###....###.##.#
#..................#
.................#.....
####>#.####....#.#....# .....#
##........... ###### #.###.#.##.#


You could see an acid dragon (catching breath).

Vanquished Creatures
  Erolcha (D:9)
  A two-headed ogre (D:9)
  An ugly thing (D:9)
  Psyche (D:9)
  2 slime creatures
  A shadow (D:9)
  2 steam dragons
  A water moccasin (D:8)
  A sky beast (D:4)
  2 ice beasts (D:4)
  A black bear (D:6)
  2 ogres (D:5)
  4 centaurs
  2 phantoms
  A kobold brigand (D:9)
  A gnoll sergeant (D:9)
  A bullfrog (D:9)
  A necrophage (D:6)
  4 scorpions
  16 wights
  2 howler monkeys
  5 hounds
  Crazy Yiuf (D:6)
  2 gnoll boudas
  2 iguanas
  Terence (D:3)
  2 orc wizards
  23 gnolls
  5 adders
  A worm (D:3)
  5 dart slugs
  16 orcs
  2 bats
  6 endoplasms
  3 giant cockroaches
  9 goblins
  4 hobgoblins
  4 jackals (D:5)
  9 kobolds
  3 quokkas
  6 ball pythons
  5 frilled lizards
  2 rats (D:1)
164 creatures vanquished.

Notes
Turn   | Place    | Note
-------+----------+-------------------------------------------
     0 | D:1      | LustLizard the Spriggan Hunter began the quest for the Orb.
     0 | D:1      | Reached XP level 1. HP: 10/10 MP: 2/2
   129 | D:1      | Reached skill level 2 in Stealth
   339 | D:1      | Reached XP level 2. HP: 15/15 MP: 3/3
   660 | D:2      | Found Hiufan's Antique Armour Shop.
   728 | D:2      | Reached skill level 3 in Stealth
   865 | D:2      | Found Ahevarygh's Antique Weapon Shop.
   915 | D:2      | Reached XP level 3. HP: 18/18 MP: 4/4
  1147 | D:2      | Found a stormy altar of Qazlal.
  1244 | D:2      | Found a faded altar of an unknown god.
  1861 | D:3      | Noticed Terence
  1884 | D:3      | Killed Terence
  1885 | D:3      | Reached skill level 4 in Stealth
  1885 | D:3      | Reached XP level 4. HP: 23/23 MP: 5/5
  2509 | D:4      | Reached XP level 5. HP: 26/26 MP: 6/6
  2560 | D:4      | Reached skill level 5 in Ranged Weapons
  2560 | D:4      | Reached skill level 5 in Stealth
  2645 | D:4      | Found a sparkling altar of Nemelex Xobeh.
  2790 | D:4      | Found an iron altar of Okawaru.
  2791 | D:4      | Found a glowing silver altar of Zin.
  2791 | D:4      | Noticed an ice beast
  3141 | D:4      | Noticed a sky beast
  3149 | D:4      | Killed a sky beast
  3150 | D:4      | Reached skill level 1 in Evocations
  3150 | D:4      | Reached XP level 6. HP: 22/32 MP: 7/7
  3332 | D:4      | Found a burning altar of Makhleb.
  3342 | D:4      | Found a hide-covered altar of Uskayaw.
  3397 | D:4      | Reached skill level 6 in Stealth
  3465 | D:4      | Killed an ice beast
  3587 | D:4      | Found a shadowy altar of Dithmenos.
  3609 | D:4      | Became a worshipper of Dithmenos the Shadowed
  3804 | D:4      | Reached XP level 7. HP: 32/35 MP: 8/8
  4269 | D:5      | Entered Level 5 of the Dungeon
  4440 | D:5      | Reached skill level 7 in Stealth
  4542 | D:4      | Reached skill level 5 in Dodging
  4884 | D:5      | Found a basalt altar of Yredelemnul.
  5098 | D:5      | Reached XP level 8. HP: 40/40 MP: 9/9
  5150 | D:5      | Reached * piety under Dithmenos
  5323 | D:5      | Reached skill level 8 in Stealth
  5509 | D:6      | Reached skill level 5 in Evocations
  6054 | D:6      | Reached skill level 9 in Stealth
  6457 | D:6      | Found a runed translucent door.
  6458 | D:6      | Noticed Crazy Yiuf
  6492 | D:6      | Killed Crazy Yiuf
  6493 | D:6      | Reached XP level 9. HP: 45/45 MP: 10/10
  6651 | D:7      | Reached skill level 10 in Stealth
  6668 | D:7      | Found a staircase to the Ecumenical Temple.
  6866 | D:7      | Found an ancient bone altar of Kikubaaqudgha.
  7053 | D:7      | Found a snail-covered altar of Cheibriados.
  7437 | D:7      | Reached ** piety under Dithmenos
  7530 | D:8      | Reached skill level 11 in Stealth
  8011 | D:8      | Found a staircase to the Lair.
  8205 | D:9      | Noticed Psyche
  8335 | D:9      | Reached skill level 1 in Invocations
  8366 | D:8      | Reached skill level 12 in Stealth
  8497 | D:9      | Killed Psyche
  8707 | D:9      | Noticed a purple ugly thing
  8778 | D:9      | Killed a purple ugly thing
  8779 | D:9      | Reached skill level 5 in Fighting
  8779 | D:9      | Reached XP level 10. HP: 51/51 MP: 12/12
  8791 | D:9      | Noticed a two-headed ogre
  8833 | D:9      | Killed a two-headed ogre
  8834 | D:9      | Reached skill level 13 in Stealth
  9004 | D:9      | Noticed Erolcha
  9038 | D:9      | Killed Erolcha
  9454 | D:9      | Killed from afar by an acid dragon

Illustrated notes

Levels and vault maps discovered:
D:1:      elethiomel_arrival_quiet, layout_loops_ring
D:2:      layout_basic, dilly_ecumenical_altar_fadedgnrine, basic_altar,
          serial_shops, nicolae_shop_crystal, nicolae_shop_stone
D:3:      layout_rooms, chequers_mini_garden, roderic_serpentine_path,
          uniq_terence
D:4:      layout_layer_cave, nemelex_spade_bored_becter,
          grunt_dithmenos_smoke_and_mirrors, bloody_makhleb,
          grunt_temple_overflow_open, mainiacjoe_overflow_alcove_1
D:5:      layout_cave_pools, mainiacjoe_overflow_catwalk
D:6:      layout_cave_pools, serial_column_ruins, column_ruins_circle_large,
          column_ruins_hut_pillars, column_ruins_grid_3,
          column_ruins_columns_dead_end, column_ruins_columns_dead_end,
          column_ruins_grid_1, uniq_crazy_yiuf_cottage
D:7:      layout_basic, kennysheep_slug_shrine, kiku_gazebo_pond_becter,
          minmay_temple_entry_junction_2
D:8:      layout_rooms, lair_entry_dummy
D:9:      layout_basic, uniq_erolcha, uniq_psyche

Skill      XL: |  1  2  3  4  5  6  7  8  9 10 |
---------------+-------------------------------+-----
Stealth        | 2 3 4 5 6 7 9 12 13 | 13.7
Dodging        | 3 4 5 6 |  6.0
Fighting       | 2 3 5 |  5.4
Ranged Weapons | 5 6 7 9 |  9.9
Evocations     | 1 2 4 6 |  6.0
Invocations    | 2 3 |  3.3

Action                   |  1- 3 |  4- 6 |  7- 9 | 10-12 || total
-------------------------+-------+-------+-------+-------++-------
 Fire: Shortbow          |    81 |   170 |   448 |    71 ||   770
Evoke: Wand              |       |       |       |     1 ||     1
  Use: Scroll            |     1 |     3 |     5 |     2 ||    11
Armor: Robe              |     1 |     2 |     7 |     1 ||    11
Dodge: Dodged            |    11 |    50 |   115 |     9 ||   185
